 Dungeon Crawl Stone Soup version 0.22-a0-301-gf0fe05c (webtiles) character file.

920 Amnesiac the Ducker (level 7, -2/44 HPs)
             Began as a Deep Elf Wizard on Mar 26, 2018.
             Slain by a centaur (8 damage)
             ... on level 5 of the Dungeon.
             The game lasted 00:09:22 (5092 turns).

Amnesiac the Ducker (Deep Elf Wizard)               Turns: 5092, Time: 00:09:23

Health: -2/44      AC:  3    Str:  4    XL:     7   Next: 83%
Magic:  3/16       EV: 14    Int: 25    God:
Gold:   37         SH:  3    Dex: 13    Spells: 1/16 levels left

rFire    . . .     SeeInvis .   z - +0 spear (flame)
rCold    . . .     Gourm    .   (no shield)
rNeg     . . .     Faith    .   a - +0 robe
rPois    .         Spirit   .   (no helmet)
rElec    .         Reflect  +   (no cloak)
rCorr    .         Harm     .   (no gloves)
MR       .....                  k - +0 pair of boots
Stlth    +.........             l - +3 amulet of reflection
HPRegen  0.14/turn              j - ring of loudness (curse)
MPRegen  0.15/turn              B - ring of flight

@: very slightly contaminated
A: no striking features
a: Evoke Flight


You were on level 5 of the Dungeon.
You were not hungry.

You visited 1 branch of the dungeon, and saw 5 of its levels.

You collected 191 gold pieces.
You spent 154 gold pieces at shops.

Inventory:

Hand Weapons
 z - a +0 spear of flaming (weapon)
Missiles
 i - 17 poisoned needles
Armour
 a - a +0 robe (worn)
 k - a +0 pair of boots (worn)
Jewellery
 j - a cursed ring of loudness (left hand)
 l - a +3 amulet of reflection (around neck)
 B - a ring of flight (right hand)
Wands
 r - a wand of clouds (3)
 s - a wand of random effects (20)
 x - a wand of flame (35)
Scrolls
 g - 4 scrolls of teleportation {!r}
 h - 2 scrolls of remove curse {!r}
 n - a scroll of magic mapping {!r, unknown}
 o - a scroll of enchant weapon {!r, unknown}
 q - 2 scrolls of fear {!r}
 t - a scroll of amnesia {!r}
 v - a scroll of immolation {!r}
 y - a scroll of blinking {!r}
Potions
 c - a potion of berserk rage {!q}
 e - a potion of magic {!q}
 p - a potion of lignification {!q}
 u - 2 potions of curing {!q}
 w - a potion of flight {!q}
 A - a potion of haste {!q}
Comestibles
 b - a chunk of flesh
 d - 9 rations


   Skills:
 * Level 5.1 Fighting
 + Level 5.2 Dodging
 - Level 2.4 Stealth
 - Level 5.0 Spellcasting
 - Level 5.0 Conjurations
 - Level 1.1 Summonings
 - Level 1.1 Translocations


You had one spell level left.
You knew the following spells:

 Your Spells              Type           Power        Failure   Level  Hunger
a - Iskenderun's Mystic   Conj           ####....     11%         4    ####...
b - Call Imp              Summ           ##......     8%          2    None
d - Magic Dart            Conj           ####         1%          1    None
e - Mephitic Cloud        Conj/Pois/Air  ##......     12%         3    ##.....
s - Conjure Flame         Conj/Fire      ###.....     9%          3    ##.....
v - Blink                 Tloc           N/A          8%          2    None


Dungeon Overview and Level Annotations

Branches:
Dungeon (5/15)
 Temple: D:4-7

Altars:
Fedhas
Gozag
Makhleb
Nemelex Xobeh
Okawaru
Qazlal
Vehumet

Shops:
D:4 !=*!=


Message History

You kill the giant cockroach!
A centaur comes into view.
The centaur shouts!
The centaur wields a shortbow.
The centaur shoots an arrow.
The arrow closely misses you.
Found 10 stones.
Things that are here:
an arrow; a ration The centaur shoots an arrow.
You reflect the arrow off an invisible shield around you!
The arrow hits the centaur.
Casting: Magic Dart (safe; 1% risk of failure)
Confirm with . or Enter, or press ? or * to list all spells.
You can't see any susceptible monsters within range! (Use Z to cast anyway.)
The centaur shoots an arrow.
The arrow hits you!
The centaur shoots an arrow.
The arrow misses you.
Casting: Magic Dart (safe; 1% risk of failure)
Confirm with . or Enter, or press ? or * to list all spells.
Aiming: Mephitic Cloud (safe; 12% risk of failure)
Press: ? - help, Shift-Dir - straight line
Okay, then.
The centaur shoots an arrow.
You reflect the arrow off an invisible shield around you!
The arrow hits the centaur.
Casting: Mephitic Cloud (safe; 12% risk of failure)
Confirm with . or Enter, or press ? or * to list all spells.
Aiming: Mephitic Cloud (safe; 12% risk of failure)
Press: ? - help, Shift-Dir - straight line, f - centaur
Aim: a centaur, wielding a shortbow (moderately wounded)
You miscast Mephitic Cloud.
You are very lightly contaminated with residual magic.
You feel sick.
The centaur shoots an arrow.
The arrow misses you.
The centaur shoots an arrow.
The arrow hits you.
The centaur shoots an arrow.
The arrow hits you but does no damage.
You see here an arrow.
The centaur shoots an arrow.
The arrow hits you but does no damage.
You see here an arrow.
The centaur unwields an uncursed shortbow.
The centaur barely misses you. The centaur closely misses you.
You hit the centaur. You burn the centaur.
The centaur is heavily wounded.
The centaur barely misses you.
You barely miss the centaur.
The centaur is heavily wounded.
The centaur hits you.
* * * LOW HITPOINT WARNING * * *
The centaur closely misses you.
You hit the centaur. You burn the centaur.
The centaur is severely wounded.
The centaur hits you but does no damage.
The centaur closely misses you.
You hit the centaur but do no damage.
The centaur is severely wounded.
The centaur hits you!
* * * LOW HITPOINT WARNING * * *
You closely miss the centaur.
The centaur is severely wounded.
The centaur closely misses you. The centaur completely misses you.
You barely miss the centaur.
The centaur is severely wounded.
The centaur hits you!
* * * LOW HITPOINT WARNING * * *
The centaur hits you!
You die...

#
##.....#..........
##(................
#.....((...........
#................#.
#......[........##
#........(......#
#.......(.(.....#
#..........(....#
##..........@..##
##.....#(..c.##
#############


You could see a centaur.

Vanquished Creatures
  Grinder (D:3)
  2 phantoms
  A centaur (D:5)
  An orc priest (D:4)
  2 orc wizards
  Terence (D:2)
  2 worker ants
  6 adders
  An ooze (D:2)
  An adder zombie (D:5)
  An adder skeleton (D:4)
  4 worms
  A dart slug (D:1)
  2 leopard geckos
  15 orcs
  7 bats
  2 giant cockroaches
  5 goblins
  6 hobgoblins
  10 jackals
  3 quokkas
  2 ball pythons
  4 frilled lizards
  6 kobolds
  11 rats
97 creatures vanquished.

Vanquished Creatures (collateral kills)
  The ghost of Amnesiac the Digger, a novice TeEE (D:4)
1 creature vanquished.

Grand Total: 98 creatures vanquished

Notes
Turn   | Place    | Note
-------+----------+-------------------------------------------
     0 | D:1      | Amnesiac the Deep Elf Wizard began the quest for the Orb.
     0 | D:1      | Reached XP level 1. HP: 10/10 MP: 7/7
   154 | D:1      | Reached XP level 2. HP: 16/16 MP: 1/9
   158 | D:1      | Learned a level 2 spell: Blink
   161 | D:1      | Learned a level 2 spell: Call Imp
   334 | D:1      | Reached skill level 1 in Fighting
   946 | D:2      | Reached XP level 3. HP: 15/20 MP: 1/11
   954 | D:1      | Learned a level 3 spell: Conjure Flame
   958 | D:1      | Learned a level 3 spell: Mephitic Cloud
  1482 | D:2      | Noticed Terence
  1532 | D:2      | Killed Terence
  1532 | D:2      | Reached XP level 4. HP: 26/26 MP: 0/12
  1836 | D:2      | Found an iron altar of Okawaru.
  2205 | D:2      | You fall through a shaft!
  2215 | D:3      | Found a burning altar of Makhleb.
  2225 | D:3      | Found a stormy altar of Qazlal.
  2404 | D:3      | HP: 1/26 [orc/flail (11)]
  2732 | D:3      | Noticed Grinder
  2760 | D:3      | HP: 1/27 [Grinder/nerve-wracking pain (10)]
  2769 | D:3      | Killed Grinder
  2769 | D:3      | Reached XP level 5. HP: 2/32 MP: 1/13
  2769 | D:3      | Reached XP level 6. HP: 3/37 MP: 1/14
  3075 | D:3      | Found a radiant altar of Vehumet.
  3249 | D:4      | HP: 1/37 [phantom (10)]
  3544 | D:4      | Found Masumy's Distillery.
  3544 | D:4      | Found Gutuam's Jewellery Shoppe.
  3581 | D:4      | Bought 2 potions of curing for 84 gold pieces
  3581 | D:4      | Bought a potion of flight for 42 gold pieces
  3672 | D:4      | Reached skill level 5 in Conjurations
  3802 | D:4      | Found Qeoruipp's Assorted Antiques.
  3805 | D:4      | Bought a scroll labeled XOCIAC UQUIPTI for 28 gold pieces
  4056 | D:4      | Reached skill level 5 in Spellcasting
  4056 | D:4      | Reached XP level 7. HP: 28/42 MP: 1/16
  4062 | D:4      | Learned a level 4 spell: Iskenderun's Mystic Blast
  4148 | D:4      | Found Oweith's Distillery.
  4194 | D:4      | Found Egivuhacvu's Jewellery Boutique.
  4272 | D:4      | Found a blossoming altar of Fedhas.
  4356 | D:4      | Found a sparkling altar of Nemelex Xobeh.
  4357 | D:4      | Found an opulent altar of Gozag.
  4384 | D:4      | Noticed Amnesiac's ghost (novice TeEE)
  4396 | D:4      | Killed Amnesiac's ghost
  4471 | D:5      | Entered Level 5 of the Dungeon
  5017 | D:5      | Reached skill level 5 in Fighting
  5017 | D:5      | Reached skill level 5 in Dodging
  5092 | D:5      | Slain by a centaur

Vault maps used:
D:1:      minmay_arrival_four_circles
D:2:      okawaru_ov_weapons_minmay, uniq_terence
D:3:      vehumet_crystals, nicolae_overflow_hidden_temple, uniq_grinder
D:4:      grunt_temple_overflow_opulence, fedhas_altar_4, serial_shops,
          kennysheep_mini_moat, shop, shop, nicolae_shop_waterfront,
          nicolae_shop_stone
D:5:      tso_metal_star, minmay_temple_entry_grid, first_ration

Skill      XL: |  1  2  3  4  5  6  7 |
---------------+----------------------+-----
Fighting       | 1 2 3 5 |  5.1
Conjurations   | 2 3 4 5 |  5.0
Dodging        | 4 5 |  5.2
Spellcasting   | 5 |  5.0
Stealth        | |  2.4
Summonings     | |  1.1
Translocations | |  1.1

Action                   |  1- 3 |  4- 6 |  7- 9 || total
-------------------------+-------+-------+-------++-------
Melee: Dagger            |     8 |     7 |       ||    15
       Spear             |       |    17 |    53 ||    70
       Unarmed           |       |     8 |       ||     8
 Cast: Magic Dart        |    88 |   145 |    33 ||   266
       Call Imp          |     1 |     1 |     5 ||     7
       Conjure Flame     |     1 |       |       ||     1
       Mephitic Cloud    |       |     3 |     2 ||     5
       Blink             |       |     2 |       ||     2
       Iskenderun's Myst |       |       |     9 ||     9
Evoke: Wand              |       |    13 |       ||    13
  Use: Scroll            |     2 |     2 |     7 ||    11
       Potion            |       |     2 |       ||     2
 Stab: Confused          |       |     2 |     2 ||     4
  Eat: Chunk             |     2 |     8 |     4 ||    14
Armor: Robe              |     7 |     8 |     9 ||    24
       Skin              |       |     6 |       ||     6
Dodge: Dodged            |    28 |    52 |    50 ||   130
Block: Other             |       |    10 |     5 ||    15
       Reflection        |       |       |     2 ||     2

Table legend:
 A = Spawn XP
 B = Non-spawn XP
 C = Spawn XP percentage of total XP
 D = Spawn monster count
 E = Non-spawn monster count
 F = Spawn count percentage of total count
 G = Total turns spent on level
                    A         B        C        D         E        F      G
               +---------+---------+-------+---------+---------+-------+---------
         Total |       0 |    1315 |   0.0 |       0 |      98 |   0.0 |  5092
               +---------+---------+-------+---------+---------+-------+---------
           D:1 |       0 |      36 |   0.0 |       0 |      22 |   0.0 |  1022
           D:2 |       0 |      89 |   0.0 |       0 |      23 |   0.0 |  1183
           D:3 |       0 |     365 |   0.0 |       0 |      17 |   0.0 |  1384
           D:4 |       0 |     505 |   0.0 |       0 |      25 |   0.0 |  1102
           D:5 |       0 |     320 |   0.0 |       0 |      11 |   0.0 |   401
               +---------+---------+-------+---------+---------+-------+---------
